 Seeded DCSS version 0.30.1-11-g7821555f0a (webtiles) character file.

Game seed: 12577214031010449085 (custom seed)

2017 Psyclone the Destroyer (level 9, -7/45 HPs)
             Began as a Deep Elf Conjurer on Nov 9, 2023.
             Was an Initiate of Gozag.
             Mangled by a troll (13 damage)
             ... on level 8 of the Dungeon.
             The game lasted 00:29:42 (8485 turns).

Psyclone the Destroyer (Deep Elf Conjurer)          Turns: 8485, Time: 00:29:42

Health: -7/45      AC:  5    Str:  4    XL:     9   Next: 3%
Magic:  16/24      EV: 13    Int: 34    God:    Gozag
Gold:   99         SH:  0    Dex: 19    Spells: 15/26 levels left

rFire   . . .        j - +1 dagger (elec)
rCold   . . .        (no shield)
rNeg    . . .        a - +1 robe of the Falcon {Int+6}
rPois   +            (no helmet)
rElec   +            (no cloak)
rCorr   .            i - +0 pair of gloves
SInv    +            y - +0 pair of boots of the Feeding Gods {rElec rPois Will+}
Will    +....        (no amulet)
Stlth   ++           z - ring of see invisible
HPRegen 0.27/turn    r - +6 ring of dexterity
MPRegen 0.19/turn

%: no passive effects
@: gold aura
A: no striking features
a: Renounce Religion, Potion Petition, Call Merchant, Bribe Branch


You were on level 8 of the Dungeon.
You worshipped Gozag.
Gozag was noncommittal.
You visited 2 branches of the dungeon, and saw 9 of its levels.
You also visited: Sewer.

You collected 465 gold pieces.
You spent 237 gold pieces at shops.
You paid 129 gold pieces to Gozag.

Inventory:

Hand Weapons
 g - a +2 short sword
 h - a +0 spectral scimitar
 j - a +1 dagger of electrocution (weapon)
 G - a +2 long sword of holy wrath
Armour
 a - the +1 robe of the Falcon (worn) {Int+6}
   (You found it on level 4 of the Dungeon)

   Int:       It affects your intelligence (+6).
 i - a +0 pair of gloves (worn)
 o - a +1 ring mail of cold resistance
 w - a +1 pair of boots
 y - the +0 pair of boots of the Feeding Gods (worn) {rElec rPois Will+}
   (You bought it in a shop on level 1 of the Dungeon)

   rElec:     It insulates you from electricity.
   rPois:     It protects you from poison.
   Will:      It increases your willpower.
Magical Staves
 H - a staff of death
Jewellery
 f - a ring of willpower
 r - a +6 ring of dexterity (right hand)
 s - a ring of positive energy
 z - a ring of see invisible (left hand)
 D - a ring of positive energy
 J - a ring of flight
Wands
 A - a wand of acid (9)
 I - a wand of charming (15)
Scrolls
 k - a scroll of blinking
 m - 4 scrolls of vulnerability
 n - a scroll of enchant weapon
 p - 6 scrolls of teleportation
 q - a scroll of amnesia
 t - a scroll of poison
 C - a scroll of noise
 F - a scroll of immolation
Potions
 b - 2 potions of magic
 c - a potion of ambrosia
 d - 5 potions of heal wounds
 e - a potion of degeneration
 l - 2 potions of might
 u - a potion of haste
 v - 2 potions of flight
 x - a potion of invisibility
 B - 2 potions of brilliance
 E - a potion of curing


   Skills:
 - Level 2.4 Dodging
 - Level 2.4 Stealth
 + Level 9.4 Spellcasting
 * Level 11.4 Conjurations


You had 15 spell levels left.
You knew the following spells:

 Your Spells              Type           Power      Damage    Failure   Level
a - Magic Dart            Conj           100%       1d8       1%          1
b - Searing Ray           Conj           100%       2d8       1%          2
d - Fulminant Prism       Conj/Hex       26%        3d13      2%          4
e - Iskenderun's Mystic   Conj/Tloc      53%        2d11      2%          4

Your spell library contained the following spells:

 Spells                   Type           Power      Damage    Failure   Level
 Momentum Strike          Conj/Tloc      100%       3d10      1%          2
 Dazzling Flash           Conj/Hex       100%       N/A       1%          3
 Flame Wave               Conj/Fire      53%        2d13      2%          4
 Blink                    Tloc           30%        N/A       4%          2
 Lesser Beckoning         Tloc           30%        N/A       4%          2
 Scorch                   Fire           30%        2d6       4%          2
 Volatile Blastmotes      Fire/Tloc      30%        2d12      9%          3
 Summon Ice Beast         Ice/Summ       15%        N/A       28%         4
 Starburst                Conj/Fire      26%        6d8       38%         6
 Summon Mana Viper        Hex/Summ       15%        N/A       61%         5
 Summon Cactus Giant      Summ           7%         N/A       99%         6
 Monstrous Menagerie      Summ           7%         N/A       100%        7
 Ozocubu's Refrigeration  Ice            7%         4d9       100%        7
 Polar Vortex             Ice            7%         N/A       100%        9
 Simulacrum               Ice/Necr       Unusable   N/A       N/A         6

Dungeon Overview and Level Annotations

Branches:
Dungeon (8/15) Zot: 26972  Temple (1/1) D:7 Zot: 5622   Sewer (visited)
   Lair: D:8-11

Altars:
Ashenzari
Cheibriados
Dithmenos
Elyvilon
Fedhas
Gozag
Hepliaklqana
Kikubaaqudgha
Makhleb
Nemelex Xobeh
Okawaru
Qazlal
Ru
Sif Muna
Trog
Uskayaw
Vehumet
Wu Jian
Xom
Zin
The Shining One

Shops:
D:1 [


Message History

Confirm with . or Enter, or press ? or * to list all spells.
Aiming: Searing Ray (safe; 1% risk of failure)
Press: ? - help, Shift-Dir - straight line, f/p - troll
Aim: a troll (moderately wounded, 83% to hit)
The searing ray hits the troll!
The troll is heavily wounded.
The searing ray hits the vampire mosquito but does no damage. (Press . to maintain the ray.)
The troll barely misses you. The troll claws you but does no damage.
The troll claws you.
* * * LOW HITPOINT WARNING * * *
You take 4 damage, and have 13/45 hp.
You now have 19/24 mp.
The searing ray hits the troll!
The troll is severely wounded.
The searing ray hits the vampire mosquito!
The vampire mosquito is moderately damaged.
The searing ray hits the vampire mosquito!
The vampire mosquito is moderately damaged.
The troll barely misses you. The troll closely misses you. The troll claws you!
* * * LOW HITPOINT WARNING * * *
You take 8 damage, and have 5/45 hp.
You now have 18/24 mp.
The searing ray misses the troll.
The searing ray hits the vampire mosquito!
The vampire mosquito is heavily damaged.
The searing ray hits the vampire mosquito.
The vampire mosquito is heavily damaged.
The troll misses you. The troll claws you but does no damage.
The troll completely misses you.
You now have 17/24 mp.
The searing ray hits the troll.
The troll is almost dead.
The searing ray hits the vampire mosquito!
The vampire mosquito is almost destroyed.
The searing ray hits the vampire mosquito!
You destroy the vampire mosquito!
You finish channelling your searing ray.
The vampire mosquito is distracted by your dazzling golden aura.
The troll bites you but does no damage. The troll claws you!
You die...
Your body crumbles into a pile of gold.

### #.. #.# # #y#
#.##.######.#
#......y...[#
#.####y########
##......$yT@.#
........####.########
######### #.........
##########


You could see a troll and 2 vampire mosquitoes.

Vanquished Creatures
  Sigmund (D:3)
  A steam dragon (D:6)
  A vampire mosquito (D:8)
  An ice beast (D:7)
  2 ogres
  A black bear (D:7)
  A sky beast (D:7)
  A kobold brigand (D:6)
  A bullfrog (D:6)
  3 scorpions
  A bullfrog zombie (D:4)
  2 hounds
  A gnoll bouda (D:6)
  A jelly (D:5)
  7 orc priests
  A bullfrog skeleton (D:4)
  Ijyb (D:5)
  Jessica (D:3)
  2 iguanas (D:4)
  6 orc wizards
  A hell rat (Sewer)
  Terence (D:3)
  A hound zombie (D:4)
  A hound skeleton (D:4)
  5 gnolls (D:6)
  A howler monkey skeleton (D:4)
  8 adders
  3 river rats (Sewer)
  3 white imps
  An adder skeleton (D:4)
  An adder zombie (D:4)
  5 worms
  A dart slug (D:2)
  13 orcs
  9 endoplasms
  A giant cockroach (D:1)
  4 goblins
  8 hobgoblins
  2 quokkas
  4 ball pythons
  3 bats
  4 frilled lizards
  11 kobolds
  A quokka skeleton (D:4)
  3 rats
131 creatures vanquished.

Notes
Turn   | Place    | Note
-------+----------+-------------------------------------------
     0 | D:1      | Psyclone the Deep Elf Conjurer began the quest for the Orb.
     0 | D:1      | Reached XP level 1. HP: 10/10 MP: 6/6
   284 | D:1      | Found Innacil's Antique Armour Shop.
   326 | D:1      | Reached XP level 2. HP: 15/15 MP: 6/8
   847 | D:2      | Found a stormy altar of Qazlal.
   884 | D:2      | Reached skill level 5 in Conjurations
  1216 | D:2      | Reached XP level 3. HP: 19/19 MP: 6/10
  1413 | D:2      | Found a faded altar of an unknown god.
  1417 | D:2      | Learned a level 2 spell: Searing Ray
  2027 | D:3      | Reached XP level 4. HP: 22/24 MP: 8/12
  2033 | D:3      | Reached skill level 6 in Conjurations
  2034 | D:3      | Reached XP level 5. HP: 16/28 MP: 0/14
  2152 | D:3      | Found a glowing drain.
  2206 | Sewer    | Entered a sewer
  2291 | Sewer    | Learned a level 4 spell: Fulminant Prism
  2296 | Sewer    | Learned a level 4 spell: Iskenderun's Mystic Blast
  2330 | Sewer    | Reached skill level 5 in Spellcasting
  2544 | D:3      | Noticed Jessica
  2546 | D:3      | Noticed Sigmund
  2547 | D:3      | Killed Jessica
  2710 | D:3      | Killed Sigmund
  2711 | D:3      | Reached skill level 7 in Conjurations
  2711 | D:3      | Reached XP level 6. HP: 12/32 MP: 10/16
  3034 | D:3      | Found a bloodstained altar of Trog.
  3052 | D:3      | Noticed Terence
  3058 | D:3      | Killed Terence
  3599 | D:4      | Reached skill level 8 in Conjurations
  3605 | D:4      | Reached XP level 7. HP: 36/36 MP: 9/18
  3674 | D:4      | You fall into a shaft and drop 3 floors!
  4027 | D:6      | Reached skill level 9 in Conjurations
  4164 | D:5      | Entered Level 5 of the Dungeon
  4169 | D:5      | Reached XP level 8. HP: 11/41 MP: 15/21
  4688 | D:4      | Identified the +1 robe of the Falcon {Int+6}
  5332 | D:4      | Reached skill level 10 in Conjurations
  5555 | D:1      | Bought a pair of polished boots for 237 gold pieces
  5555 | D:1      | Identified the +0 pair of boots of the Feeding Gods {rElec
                  | rPois Will+} (You bought it in a shop on level 1 of the
                  | Dungeon)
  5700 | D:5      | Noticed Ijyb
  5708 | D:5      | Killed Ijyb
  6858 | D:6      | Reached skill level 11 in Conjurations
  7257 | D:7      | Found a staircase to the Ecumenical Temple.
  7267 | Temple   | Entered the Ecumenical Temple
  7614 | Temple   | Became a worshipper of Gozag Ym Sagoz the Greedy
  8291 | D:7      | Reached XP level 9. HP: 35/45 MP: 17/24
  8471 | D:8      | Noticed a troll
  8485 | D:8      | Mangled by a troll

Illustrated notes

Levels and vault maps discovered:
D:1:      heliophobic_arrival_glass_houses, layout_rooms, serial_shops,
          nicolae_shop_back_alley_shop
D:2:      layout_basic, shapermc_ecumenical_altar_acropolis, basic_altar,
          hangedman_feature_mirror, kennysheep_generic_room_8
D:3:      layout_basic, lemuel_round_altar, cheibrodos_sewer_entry_bend,
          uniq_terence, uniq_jessica, uniq_sigmund
D:4:      layout_loops_cross, serial_undead, serial_undead_e, serial_undead_b,
          serial_undead_d, serial_undead_a, serial_undead_f, serial_undead_b,
          minmay_ruptured
D:5:      layout_cave_pools, bh_walls_and_bars, uniq_ijyb
D:6:      layout_basic, feat_on_display
D:7:      layout_cave_pods, minmay_temple_entry_proselytizer
D:8:      layout_loops_ring, lair_entry_dummy, enter_bailey_2,
          hangedman_abyss_or_decor_lesser_grid, hellmonk_guarded_unrand_zhor,
          uniq_maurice
Temple:   mainiacjoe_temple_cubbyholes

Skill      XL: |  1  2  3  4  5  6  7  8 |
---------------+-------------------------+-----
Conjurations   | 5 6 7 8 9 11 | 11.4
Spellcasting   | 4 5 6 7 9 |  9.4
Dodging        | |  2.4
Stealth        | |  2.4

Action                     |  1- 3 |  4- 6 |  7- 9 || total
---------------------------+-------+-------+-------++-------
  Melee: Dagger            |       |     8 |    27 ||    35
   Cast: Magic Dart        |    55 |    32 |    44 ||   131
         Searing Ray       |     1 |    18 |    44 ||    63
    Use: Scroll            |     5 |     3 |    10 ||    18
         Potion            |     3 |     3 |     4 ||    10
   Stab: Sleeping          |       |     1 |     3 ||     4
 Armour: Robe              |       |     1 |    13 ||    14
  Dodge: Dodged            |     2 |    14 |    50 ||    66
